 Dungeon Crawl Stone Soup version 0.32-a0-411-g744942f433 (webtiles) character file.

Game seed: 18204543536075337205

8 Bravepunisher the Ducker (level 2, 0/16 HPs)
             Began as a Spriggan Monk on Feb 21, 2024.
             Shot with an arrow by a centaur (15 damage)
             ... on level 6 of the Dungeon.
             The game lasted 00:03:37 (735 turns).

Bravepunisher the Ducker (Spriggan Monk)             Turns: 735, Time: 00:03:38

Health: 0/16       AC:  2    Str:  7    XL:     2   Next: 0%
Magic:  3/3        EV: 19    Int: 11    God:
Gold:   29         SH:  0    Dex: 17    Spells: 1/1 levels left

rFire   . . .        a - +0 short sword
rCold   . . .        (no shield)
rNeg    . . .        b - +0 robe
rPois   .            (helmet restricted)
rElec   .            (no cloak)
rCorr   .            (gloves unavailable)
SInv    +            (boots unavailable)
Will    .....        (no amulet)
Stlth   ++           (no ring)
HPRegen 0.22/turn    (no ring)
MPRegen 0.08/turn

%: no passive effects
@: very quick
A: very small, no large weapons, unfitting armour, see invisible, speed 3
a: Convert to Beogh


You were on level 6 of the Dungeon.
You visited 1 branch of the dungeon, and saw 7 of its levels.

You collected 29 gold pieces.

Inventory:

Hand Weapons
 a - a +0 short sword (weapon)
Armour
 b - a +0 robe (worn)
Jewellery
 i - an amulet of guardian spirit
Wands
 g - a wand of iceblast (12)
Scrolls
 f - a scroll of silence {unknown}
 h - a scroll of blinking {unknown}
 j - a scroll of fog {unknown}
Potions
 c - a potion of ambrosia
 d - a potion of brilliance {unknown}
 e - a potion of resistance {unknown}


   Skills:
 + Level 2.6 Fighting
 - Level 3.2 Short Blades
 * Level 4.5 Dodging


You had one spell level left.
You didn't know any spells.
Your spell library contained the following spells:

 Spells                   Type           Power      Damage    Failure   Level
 Cigotuvi's Dreadful Rot  Necr/Alch/Air  0%         N/A       47%         2
 Ignite Poison            Fire/Alch      0%         N/A       98%         4
 Freezing Cloud           Conj/Ice/Air   0%         6-21      100%        5


Dungeon Overview and Level Annotations

Branches:
Dungeon (7/15)
 Temple: D:4-7

Altars:
Kikubaaqudgha
Ru


Innate Abilities, Weirdness & Mutations

You are very small and have problems with some larger weapons.
You are too small for most types of armour.
You have supernaturally acute eyesight. (SInv)
You cover ground extremely quickly. (Speed+++)


Message History

Found 9 gold pieces.
There is an open door here.
A white imp comes into view.
You see here 9 gold pieces.
The white imp shouts, "Quit, thou impertinent boil-brained gudgeon!"
You hear a bark!
There is an open door here.
Found a scroll labelled RIOXKIEHINN.
You open the door.
There is an open door here.
You close the door.
Found an escape hatch in the ceiling.
Found an escape hatch in the floor.
Found a hand axe.
Found a lumpy clear potion.
A bullfrog comes into view.
Found a stone staircase leading down.
The bullfrog gives a loud, deep croak!
The bullfrog misses you. The bullfrog attacks as it pursues you!
The bullfrog hits you.
You see here a +0 hand axe.
The bullfrog attacks as it pursues you! The bullfrog closely misses you.
The bullfrog attacks as it pursues you! The bullfrog misses you.
Found 12 gold pieces.
Found a sapphire potion.
Found 7 gold pieces.
You enter a teleport trap!
The teleport trap disappears.
Your surroundings suddenly seem different.
A black bear, a hound, 5 orcs and a centaur come into view.
Found 2 glowing blue potions.
The orc shouts!
The orc priest shouts!
The orc shouts! x2
You hear an angry hiss.
You hear a shout!
The centaur wields a +0 orcbow.
The centaur shoots an arrow.
The arrow barely misses you.
You hear a shout!
The black bear growls angrily.
The orc warrior shouts!
An orc comes into view. It is wielding a +0 short sword.
An iguana comes into view.
The centaur shoots an arrow.
The arrow hits you!
Ouch! That really hurt!
You die...

........# ...o....# ##
######....o.....#
l.###
$..5.....o......'
.oc..
######..........##o...
...ho!..#..#
..h.......#
########.## #####@#
#.....# #.o...#
#########....##
#......####'##
#......# #..#
#......###.##
##..........#
###......######


You could see a centaur, an iguana, 2 orc priests and 2 orcs.

Vanquished Creatures
  A ball python (D:2)
  An endoplasm (D:1)
  A giant cockroach (D:5)
  A quokka (D:4)
4 creatures vanquished.

Notes
Turn   | Place    | Note
-------+----------+-------------------------------------------
     0 | D:1      | Bravepunisher the Spriggan Monk began the quest for the
                  | Orb.
     0 | D:1      | Reached XP level 1. HP: 11/11 MP: 2/2
   239 | D:4      | Noticed a hound
   249 | D:4      | Noticed an iguana
   252 | D:4      | Noticed an orc wizard
   288 | D:4      | Found a sacrificial altar of Ru.
   292 | D:4      | Noticed a sleepcap
   293 | D:4      | Found a sacrificial altar of Ru.
   309 | D:5      | Entered Level 5 of the Dungeon
   326 | D:4      | Noticed a jelly
   330 | D:5      | Reached XP level 2. HP: 16/16 MP: 3/3
   431 | D:5      | Found an ancient bone altar of Kikubaaqudgha.
   715 | D:6      | Noticed a bullfrog
   733 | D:6      | Noticed a black bear
   733 | D:6      | Noticed an orc warrior
   733 | D:6      | Noticed a centaur
   735 | D:6      | Shot with an arrow by a centaur

Illustrated notes

Levels and vault maps discovered:
D:1:      orjb1_lava_funnel, layout_basic, kennysheep_nondescript
D:2:      layout_basic
D:3:      layout_rooms, nzn_hepliaklqana_mist_gate, kennysheep_generic_room_2
D:4:      layout_cave_pools, kennysheep_mini_moat,
          minmay_temple_entry_enclosed_plants, dk_vineyard_2, moated_statue,
          minmay_ruined_shrine
D:5:      layout_loops_corners, mainiacjoe_overflow_concentric_impassable
D:6:      layout_basic
D:7:      layout_cave_pools, serial_shops, nicolae_shop_tiny_statue_garden,
          serial_library_hellmonk_room_c, grunt_decor_junction, chequers_jeans,
          hangedman_glass_teeth

Action                     || total
---------------------------++-------
  Melee: Short sword       ||    12
 Armour: Robe              ||    16
  Dodge: Dodged            ||    48

Table legend: (Time is in decaauts)
 A = Elapsed time spent in this place.
 B = Non-inter-level travel time spent in this place.
 C = Inter-level travel time spent in this place.
 D = Time resting spent in this place.
 E = Time spent auto-exploring this place.
 F = Levels seen in this place.
 G = Mean time per level.
                   A        B        C        D        E       F      G
               +--------+--------+--------+--------+--------+-----+--------+
         Total |    474 |    474 |      0 |      0 |    111 |   7 |   67.7 |
       Dungeon |    474 |    474 |      0 |      0 |    111 |   7 |   67.7 |
               +--------+--------+--------+--------+--------+-----+--------+

Top non-repeatable levels by time:
     D:6: 137 daAuts
     D:5: 128 daAuts
     D:1: 93 daAuts
     D:4: 78 daAuts
     D:2: 29 daAuts
     D:3: 4 daAuts
     D:7: 1 daAuts
